AoeStats
← 念

Arena

509061310Analyzed
4v4 RM · 8d ago on Sep 25, 2026· 61m 15s· 8 players
Game mode
Random Map
Map size
Large (8 player)
Population
200
Speed
Normal
Resources
Standard
Victory
Conquest
Starting age
Dark Age
Ending age
Imperial Age
RankedLock teamsTeams togetherTeam positionsShared explorationLock speedFull tech treeHidden civsTurbo modeCheats
Victory
Defeat
🇦🇺 Varangians · Australia
1267
+11
🇨🇳 Hindustanis · China
1206
+13
🇹🇼 Saxons · Taiwan
1161
+15
🇹🇼 Khmer · Taiwan
1124
+17
🇳🇱 Vietnamese · Netherlands
1232
-18
🇦🇺 Saxons · Australia
1182
-15
🇦🇺 Goths · Australia
1087
-12
🇦🇺 Romans · Australia
1072
-11
念
10:29 Feudal Age
11:23 Double-Bit Axe
14:13 Castle Age
13:47 Horse Collar
15:17 Bow Saw
21:53 Wheelbarrow
23:12 Hand Cart
23:18 Stone Mining
23:19 Gold Mining
24:38 Town Watch
24:59 Heavy Plow
25:35 Gold Shaft Mining
25:36 Stone Shaft Mining
28:44 Imperial Age
26:29 Scale Barding Armor
26:34 Forging
26:13 Loom
27:29 Chain Barding Armor
28:43 Iron Casting
28:33 Husbandry
28:45 Bloodlines
28:48 Heavy Camel Rider
30:24 Plate Barding Armor
30:50 Two-Man Saw
29:29 Onager
31:09 Conscription
30:43 Imperial Camel Rider
33:35 Chemistry
32:36 Padded Archer Armor
33:30 Shatagni
34:01 Leather Archer Armor
36:44 Ring Archer Armor
38:54 Hoardings
39:21 Blast Furnace
39:02 Siege Elephant
40:04 Light Cavalry
41:16 Hussar
50:36 Masonry
53:18 Fortified Wall
53:13 Siege Engineers
57:58 Coinage
57:28 Caravan
60:58 Fletching
韓國魚
1:23 Loom
11:57 Feudal Age
16:54 Castle Age
14:53 Double-Bit Axe
14:50 Horse Collar
18:17 Bow Saw
20:34 Heavy Plow
21:02 Gold Mining
27:39 Imperial Age
26:31 Gold Shaft Mining
25:51 Stone Mining
26:36 Heavy Plow
27:29 Fletching
27:40 Padded Archer Armor
27:51 Town Watch
28:08 Bodkin Arrow
29:23 Two-Man Saw
29:16 Leather Archer Armor
31:12 Bracer
31:23 Crossbowman
33:43 Conscription
34:04 Ballistics
34:28 Arbalester
37:28 Thumb Ring
39:51 Chemistry
42:33 Crop Rotation
42:38 Ring Archer Armor
42:19 Forging
42:09 Scale Mail Armor
44:34 Wheelbarrow
46:50 Capped Ram
51:26 Chain Mail Armor
51:46 Iron Casting
51:45 Hand Cart
51:34 Squires
50:55 Elite Varangian Guard
51:21 Arson
53:07 Plate Mail Armor
53:56 Murder Holes
54:14 Fortified Wall
53:44 Treadmill Crane
57:25 Caravan
58:13 Elite Skirmisher
59:04 Siege Ram
草~~騎~~吧
12:19 Feudal Age
13:22 Horse Collar
15:57 Castle Age
14:40 Double-Bit Axe
17:34 Bow Saw
17:25 Heavy Plow
17:36 Loom
17:37 Town Watch
22:42 Wheelbarrow
23:46 Stone Mining
23:47 Gold Mining
24:00 Scale Mail Armor
24:11 Forging
23:53 Fletching
26:05 Bodkin Arrow
26:56 Stone Shaft Mining
27:07 Iron Casting
27:14 Gold Shaft Mining
31:31 Imperial Age
31:00 Chain Mail Armor
32:38 Conscription
32:34 Bracer
32:59 Ballistics
32:31 Guard Tower
32:54 Fortified Wall
33:20 Hand Cart
34:18 Blast Furnace
33:24 Scale Barding Armor
33:24 Padded Archer Armor
33:45 Onager
34:38 Heavy Scorpion
35:04 Pikeman
38:46 Leather Archer Armor
38:51 Chain Barding Armor
39:03 Conscription
40:28 Chemistry
40:04 Keep
40:27 Elite Ballista Elephant
42:12 Ring Archer Armor
42:19 Plate Barding Armor
43:08 Husbandry
43:18 Bloodlines
42:28 Light Cavalry
44:03 Halberdier
45:32 Hussar
JTownThunder
10:55 Feudal Age
14:53 Castle Age
12:42 Double-Bit Axe
12:38 Horse Collar
16:31 Bow Saw
17:06 Wheelbarrow
17:39 Loom
22:24 Light Cavalry
23:42 Bloodlines
23:45 Heavy Plow
25:01 Town Watch
25:33 Hand Cart
25:53 Gold Mining
25:55 Stone Mining
28:49 Scale Barding Armor
29:50 Chain Barding Armor
32:38 Imperial Age
29:53 Vendel Legacy
32:54 Forging
32:30 Treadmill Crane
32:45 Cavalier
33:59 Husbandry
35:55 Plate Barding Armor
37:01 Squires
37:05 Scale Mail Armor
38:15 Conscription
38:36 Chain Mail Armor
38:57 Ballistics
38:49 Masonry
41:08 Plate Mail Armor
40:27 Gambesons
44:02 Elite Varangian Guard
45:21 Fletching
49:14 Murder Holes
50:10 Light Cavalry
54:06 Caravan
53:38 Pikeman
61:02 Iron Casting
Deathiscoming
10:48 Feudal Age
15:09 Castle Age
13:35 Double-Bit Axe
13:37 Horse Collar
16:30 Bow Saw
16:22 Heavy Plow
16:16 Stone Mining
18:53 Loom
22:14 Wheelbarrow
22:51 Fletching
24:09 Town Watch
24:57 Bodkin Arrow
25:23 Gold Mining
26:26 Padded Archer Armor
27:28 Leather Archer Armor
27:31 Hand Cart
28:18 Elite Skirmisher
31:40 Imperial Age
29:56 Ballistics
29:53 Thumb Ring
30:01 Forging
30:16 Treadmill Crane
32:17 Husbandry
32:21 Chatras
32:07 Elite Rattan Archer
34:28 Chemistry
33:35 Chatras
33:48 Scale Barding Armor
33:48 Bracer
34:04 Siege Engineers
34:35 Scale Barding Armor
36:39 Hoardings
36:37 Ring Archer Armor
35:30 Imperial Skirmisher
36:25 Capped Ram
37:37 Bloodlines
37:59 Paper Money
37:51 Masonry
38:32 Chain Barding Armor
37:40 Elite Battle Elephant
43:56 Plate Barding Armor
43:57 Iron Casting
55:44 Two-Man Saw
56:11 Fortified Wall
55:57 Murder Holes
60:49 Guilds
Killed by Tony
11:24 Feudal Age
15:34 Castle Age
13:45 Double-Bit Axe
13:51 Horse Collar
16:15 Loom
17:57 Fletching
19:06 Bodkin Arrow
23:02 Murder Holes
27:24 Wheelbarrow
31:08 Ballistics
32:35 Stone Mining
32:36 Gold Mining
34:05 Town Watch
35:32 Fortified Wall
39:39 Imperial Age
38:47 Ballistas
40:26 Hand Cart
40:19 Scale Mail Armor
40:30 Forging
41:26 Bow Saw
41:47 Elite Skirmisher
42:17 Pikeman
42:17 Man-at-Arms
50:39 Imperial Skirmisher
johnnychallitasteam1995
11:01 Feudal Age
15:11 Castle Age
13:08 Double-Bit Axe
23:25 Bow Saw
24:03 Gold Mining
24:41 Stone Mining
24:43 Horse Collar
26:01 Wheelbarrow
26:03 Heavy Plow
29:03 Stone Shaft Mining
31:39 Imperial Age
29:33 Squires
29:37 Pikeman
31:07 Hand Cart
32:13 Scale Mail Armor
32:24 Forging
33:53 Two-Man Saw
33:17 Chain Mail Armor
33:28 Perfusion
33:30 Anarchy
32:52 Halberdier
33:51 Murder Holes
35:09 Iron Casting
35:46 Chemistry
35:39 Crop Rotation
36:13 Treadmill Crane
36:53 Ballistics
43:19 Man-at-Arms
43:48 Long Swordsman
44:20 Two-Handed Swordsman
46:14 Blast Furnace
45:18 Champion
lamp
9:52 Feudal Age
11:43 Double-Bit Axe
14:13 Castle Age
12:35 Horse Collar
15:17 Bow Saw
19:00 Heavy Plow
19:39 Gold Mining
21:23 Wheelbarrow
22:03 Stone Mining
23:08 Hand Cart
25:16 Gold Shaft Mining
27:51 Imperial Age
27:00 Fletching
27:13 Scale Mail Armor
27:23 Forging
27:02 Gambesons
27:25 Squires
27:14 Arson
27:30 Pikeman
27:54 Elite Varangian Guard
30:22 Chemistry
29:28 Siege Engineers
30:33 Conscription
30:57 Padded Archer Armor
31:14 Chain Mail Armor
31:34 Iron Casting
30:27 Shield Wall
32:26 Plate Mail Armor
32:02 Halberdier
35:54 Murder Holes
35:52 Guard Tower
36:48 Hoardings
37:42 Fletching
37:52 Padded Archer Armor
37:53 Elite Skirmisher
38:39 Thumb Ring
38:58 Ballistics
38:36 Bodkin Arrow
40:02 Imperial Skirmisher
40:47 Bracer
41:03 Leather Archer Armor
44:25 Ring Archer Armor
44:45 Fortified Wall
47:16 Two-Man Saw
Connection lost

Rejoining the realm…

Still unreachable

The connection could not be restored.

Session expired

The server has moved on; the page needs a fresh start.